 Dungeon Crawl Stone Soup version 0.28.0-53-g5a82cb258f (webtiles) character file.

Game seed: 3876094653296693782

53 Gabide the Insei (level 3, -2/20 HPs)
             Began as a Vine Stalker Monk on June 2, 2022.
             Slain by Natasha (5 damage)
             ... on level 1 of the Dungeon.
             The game lasted 00:01:44 (1832 turns).

Gabide the Insei (Vine Stalker Monk)                Turns: 1832, Time: 00:01:45

Health: -2/20      AC:  3    Str: 13    XL:     3   Next: 87%
Magic:  0/4        EV: 13    Int: 10    God:
Gold:   46         SH:  0    Dex: 18    Spells: 2/2 levels left

rFire   . . .      SeeInvis .     - Unarmed
rCold   . . .      Faith    .   (no shield)
rNeg    . . .      Spirit   +   a - +0 robe
rPois   .          Reflect  .   e - +0 helmet
rElec   .          Harm     .   f - scarf {shadows}
rCorr   .          Rampage  .   (no gloves)
Will    .....                   (no boots)
Stlth   ++........              b - amulet of the acrobat
HPRegen 0.06/turn               (no ring)
MPRegen 0.09/turn               (no ring)

@: no status effects
A: fangs 2, magic shield, antimagic bite, no potion heal 2
a: no special abilities


You were on level 1 of the Dungeon.
You visited 1 branch of the dungeon, and saw 2 of its levels.

You collected 46 gold pieces.

Inventory:

Armour
 a - a +0 robe (worn)
 e - a +0 helmet (worn)
 f - a scarf of shadows (worn)
Jewellery
 b - an amulet of the acrobat (around neck)
Scrolls
 d - a scroll of amnesia
Potions
 g - a potion of heal wounds {unknown}


   Skills:
 + Level 3.2 Fighting
 + Level 3.0 Dodging
 - Level 2.4 Stealth
 + Level 3.6 Unarmed Combat


You had 2 spell levels left.
You didn't know any spells.
Your spell library was empty.

Dungeon Overview and Level Annotations

Branches:
Dungeon (2/15)

Altars:

Annotations:
D:1 Natasha


Innate Abilities, Weirdness & Mutations

You have extremely sharp teeth.
When hurt, damage is shared between your health and your magic reserves.
Your bite disrupts and absorbs the magic of your enemies.
Potions cannot restore your health.


Message History

The crimson imp blinks!
There is an open door here.
There is a stone staircase leading up here.
You climb upwards.
There is a stone staircase leading down here.
You start resting.
Magic restored.
You start resting.
HP restored.
You climb downwards.
Level annotation: Natasha
There is a stone staircase leading up here.
Okay, then.
Natasha is nearby!
Natasha stares at you and mumbles some strange words.
The magic dart hits you!
There is a stone staircase leading up here.
Natasha misses you.
You barely miss Natasha. Natasha claws you.
You hit Natasha.
Natasha is lightly wounded.
Natasha stares at you and mumbles some strange words.
The magic dart hits you.
You hit Natasha.
Natasha is heavily wounded.
Natasha barely misses you.
You hit Natasha.
Natasha is severely wounded.
Natasha casts a spell at you. The magic dart hits you!
* * * LOW HITPOINT WARNING * * *
There is a stone staircase leading up here.
Natasha stares at you and mumbles some strange words.
You resist with some effort.
You climb upwards.
There is a stone staircase leading down here.
You closely miss Natasha. Your bite misses Natasha.
Natasha is severely wounded.
Natasha claws you.
You die...

.....######...........#
###### ##............##
#..............#
###..............#
#######..†.............#
...........)...........#
.......................#
#######...............##
#####.....@h...##
############


You could see Natasha.

Vanquished Creatures
  2 adders
  A dart slug (D:1)
  An orc (D:2)
  2 ball pythons (D:1)
  3 endoplasms (D:1)
  2 giant cockroaches (D:1)
  3 goblins (D:1)
  2 hobgoblins (D:1)
  2 quokkas (D:1)
  3 bats (D:1)
  3 frilled lizards (D:1)
  2 kobolds (D:1)
  5 rats (D:1)
31 creatures vanquished.

Notes
Turn   | Place    | Note
-------+----------+-------------------------------------------
     0 | D:1      | Gabide the Vine Stalker Monk began the quest for the Orb.
     0 | D:1      | Reached XP level 1. HP: 11/11 MP: 2/2
   407 | D:1      | Reached XP level 2. HP: 14/16 MP: 1/3
  1048 | D:1      | Reached XP level 3. HP: 20/20 MP: 4/4
  1493 | D:2      | Noticed Natasha
  1832 | D:1      | Slain by Natasha

Illustrated notes

Levels and vault maps discovered:
D:1:      tarquinn_simple_flora_water_d, layout_rooms
D:2:      layout_basic, basic_ecumenical_altar, uniq_terence, uniq_natasha

Skill      XL: |  1  2  3 |
---------------+----------+-----
Fighting       | 3 |  3.2
Dodging        | 3 |  3.0
Stealth        | |  2.4
Unarmed Combat | |  3.6

Action                   || total
-------------------------++-------
Melee: Unarmed           ||   109
       Bite              ||    19
       Punch             ||     4
  Use: Scroll            ||     2
 Stab: Sleeping          ||     1
Armor: Robe              ||    28
Dodge: Dodged            ||    90
